3AAA
GRYFINDOR BRAVES @ AUGUSTA TIMBER HAWKS
09/02/2021
 
TOP OF THE 1ST
Gryfindor Braves batting - Pitching for Augusta Timber Hawks : RHP Jimmy Whittier
Pitching: RHP Jimmy Whittier
Batting: LHB Nathan Tanner 0-0: Ball
1-0: Called Strike
1-1: Ball
2-1: Called Strike
2-2: Ball
3-2: Base on Balls
Batting: RHB Matt Nelson 0-0: Called Strike
0-1: Called Strike
0-2: Ball
1-2: Reached on error, E1 (Groundball, 23)
Nathan Tanner to second
Batting: RHB António Martínez 0-0: Called Strike
0-1: Swinging Strike
0-2: Ball
1-2: Foul Ball, location: 2F
1-2: Ball
2-2: Foul Ball, location: 2F
2-2: Ball
3-2: Base on Balls
Nathan Tanner to third
Matt Nelson to second
Batting: RHB Jim Unknown 0-0: Called Strike
0-1: Foul Ball, location: 2F
0-2: Grounds into double play, 5-4-3 (Groundball, 56)
Nathan Tanner scores
Matt Nelson to third
Batting: RHB Turner Coleman 0-0: Called Strike
0-1: Ball
1-1: Ball
2-1: SINGLE (Line Drive, 56)
Matt Nelson scores
Batting: LHB Jim Unknown 0-0: Ball
1-0: Ball
2-0: Ball
3-0: Foul Ball, location: 2F
3-1: Reaches on Catchers interference
Turner Coleman to second
Batting: RHB Jim Unknown 0-0: Ball
1-0: Fly out, F7 (Flyball, 7LS)
Top of the 1st over - 2 run(s), 1 hit(s), 2 error(s), 2 left on base; Gryfindor 2 - Augusta 0
BOTTOM OF THE 1ST
Augusta Timber Hawks batting - Pitching for Gryfindor Braves : RHP Bartolo Ramírez
Pitching: RHP Bartolo Ramírez
Batting: LHB Eugene Lawrence 0-0: Swinging Strike
0-1: Ball
1-1: Ball
2-1: Ground out 3-1 (Groundball, 34)
Batting: RHB Hiwahikeiki Noelani 0-0: Called Strike
0-1: Swinging Strike
0-2: Ball
1-2: Strikes out swinging
Batting: LHB Alberto Torres 0-0: Ball
1-0: Foul Ball, location: 2F
1-1: Ball
2-1: Ball
3-1: Swinging Strike
3-2: Ground out 6-3 (Groundball, 6)
Bottom of the 1st over - 0 run(s), 0 hit(s), 0 error(s), 0 left on base; Gryfindor 2 - Augusta 0
TOP OF THE 2ND
Gryfindor Braves batting - Pitching for Augusta Timber Hawks : RHP Jimmy Whittier
Batting: RHB Jim Unknown 0-0: Ball
1-0: Called Strike
1-1: Called Strike
1-2: Foul Ball, location: 2F
1-2: SINGLE (Line Drive, 7S)
Batting: RHB Jim Unknown 0-0: Called Strike
0-1: Ball
1-1: Grounds into double play, 1-6-3 (Groundball, 23)
Batting: LHB Nathan Tanner 0-0: Called Strike
0-1: SOLO HOME RUN (Flyball, 78XD), Distance : 451 ft
Batting: RHB Matt Nelson 0-0: Ball
1-0: Foul Ball, location: 2F
1-1: Ball
2-1: Swinging Strike
2-2: Strikes out swinging
Top of the 2nd over - 1 run(s), 2 hit(s), 0 error(s), 0 left on base; Gryfindor 3 - Augusta 0
BOTTOM OF THE 2ND
Augusta Timber Hawks batting - Pitching for Gryfindor Braves : RHP Bartolo Ramírez
Batting: RHB Tracy Parker 0-0: Called Strike
0-1: Foul Ball, location: 2F
0-2: Strikes out swinging
Batting: LHB Emílio Barbán 0-0: Swinging Strike
0-1: Called Strike
0-2: Ball
1-2: Ball
2-2: Ball
3-2: Base on Balls
Batting: RHB Thomas Vaughan 0-0: Foul Ball, location: 2F
0-1: Ball
1-1: Ball
2-1: Ball
3-1: Base on Balls
Emílio Barbán to second
Batting: SHB Jason Alexander 0-0: Grounds into double play, 4-6-3 (Groundball, 34)
Bottom of the 2nd over - 0 run(s), 0 hit(s), 0 error(s), 1 left on base; Gryfindor 3 - Augusta 0
TOP OF THE 3RD
Gryfindor Braves batting - Pitching for Augusta Timber Hawks : RHP Jimmy Whittier
Batting: RHB António Martínez 0-0: Ball
1-0: Called Strike
1-1: Ball
2-1: Swinging Strike
2-2: Fly out, F8 (Flyball, 8RD)
Batting: RHB Jim Unknown 0-0: Ball
1-0: Ball
2-0: Ball
3-0: Called Strike
3-1: Foul Ball, location: 2F
3-2: SINGLE (Groundball, 34D)
Batting: RHB Turner Coleman 0-0: Called Strike
0-1: Ball
1-1: Foul Ball, location: 2F
1-2: Ground out 5-3 (Groundball, 56S)
Jim Unknown to second
Batting: LHB Jim Unknown 0-0: Ball
1-0: Swinging Strike
1-1: Ball
2-1: Ground out 4-3 (Groundball, 4)
Top of the 3rd over - 0 run(s), 1 hit(s), 0 error(s), 1 left on base; Gryfindor 3 - Augusta 0
BOTTOM OF THE 3RD
Augusta Timber Hawks batting - Pitching for Gryfindor Braves : RHP Bartolo Ramírez
Batting: RHB Claudio Mendoza 0-0: Ball
1-0: Ball
2-0: Called Strike
2-1: Ground out 6-3 (Groundball, 6)
Batting: RHB Danny Penn 0-0: Ball
1-0: DOUBLE (Flyball, 89M)
Batting: LHB Eugene Lawrence 0-0: Swinging Strike
0-1: Called Strike
0-2: Strikes out swinging
Batting: RHB Hiwahikeiki Noelani 0-0: DOUBLE (Line Drive, 8LM)
Danny Penn scores
Batting: LHB Alberto Torres 0-0: Called Strike
0-1: Called Strike
0-2: Strikes out swinging
Bottom of the 3rd over - 1 run(s), 2 hit(s), 0 error(s), 1 left on base; Gryfindor 3 - Augusta 1
TOP OF THE 4TH
Gryfindor Braves batting - Pitching for Augusta Timber Hawks : RHP Jimmy Whittier
Batting: RHB Jim Unknown 0-0: Foul Ball, location: 2F
0-1: Ball
1-1: Foul Ball, location: 2F
1-2: Ball
2-2: SOLO HOME RUN (Flyball, 7D), Distance : 407 ft
Batting: RHB Jim Unknown 0-0: Ball
1-0: Ball
2-0: Ball
3-0: Base on Balls
Batting: RHB Jim Unknown 0-0: Ball
1-0: Called Strike
1-1: Ball
2-1: Called Strike
2-2: Ground out 5-3 (Groundball, 5S)
Jim Unknown to second
Batting: LHB Nathan Tanner 0-0: Ground out 4-3 (Groundball, 4)
Jim Unknown to third
Batting: RHB Matt Nelson 0-0: Ground out 1-3 (Groundball, 23)
Top of the 4th over - 1 run(s), 1 hit(s), 0 error(s), 1 left on base; Gryfindor 4 - Augusta 1
BOTTOM OF THE 4TH
Augusta Timber Hawks batting - Pitching for Gryfindor Braves : RHP Bartolo Ramírez
Batting: RHB Tracy Parker 0-0: Ball
1-0: Called Strike
1-1: Ball
2-1: Foul Ball, location: 2F
2-2: Foul Ball, location: 2F
2-2: Ground out 6-3 (Groundball, 6M)
Batting: LHB Emílio Barbán 0-0: Foul Ball, location: 2F
0-1: Fly out, F8 (Flyball, 8LXD)
Batting: RHB Thomas Vaughan 0-0: Called Strike
0-1: Called Strike
0-2: Ball
1-2: Foul Ball, location: 2F
1-2: Strikes out looking
Bottom of the 4th over - 0 run(s), 0 hit(s), 0 error(s), 0 left on base; Gryfindor 4 - Augusta 1
TOP OF THE 5TH
Gryfindor Braves batting - Pitching for Augusta Timber Hawks : RHP Jimmy Whittier
Batting: RHB António Martínez 0-0: Ball
1-0: Ground out 6-3 (Groundball, 6D)
Batting: RHB Jim Unknown 0-0: Ball
1-0: Ball
2-0: Ball
3-0: Base on Balls
Batting: RHB Turner Coleman 0-0: Called Strike
0-1: Ball
1-1: Ball
2-1: Foul Ball, location: 2F
2-2: Ball
3-2: Base on Balls
Jim Unknown to second
Batting: LHB Jim Unknown 0-0: Ball
1-0: Ball
2-0: Ball
3-0: Called Strike
3-1: Foul Ball, location: 2F
3-2: Foul Ball, location: 2F
3-2: SINGLE (Groundball, 34D)
Jim Unknown to third
Turner Coleman to second
Runner from 3rd tries for Home, SAFE, throw made home
Pitching: RHP Paul Moore
Batting: RHB Jim Unknown 0-0: Ball
1-0: Ball
2-0: Foul Ball, location: 2F
2-1: Ground out 5-3 (Groundball, 56S)
Turner Coleman to third
Jim Unknown to second
Batting: RHB Jim Unknown 0-0: Called Strike
0-1: Called Strike
0-2: Strikes out swinging
Top of the 5th over - 1 run(s), 1 hit(s), 0 error(s), 2 left on base; Gryfindor 5 - Augusta 1
BOTTOM OF THE 5TH
Augusta Timber Hawks batting - Pitching for Gryfindor Braves : RHP Bartolo Ramírez
Batting: SHB Jason Alexander 0-0: Ball
1-0: Foul Ball, location: 2F
1-1: Fly out, F8 (Flyball, 8RD)
Batting: RHB Claudio Mendoza 0-0: Fly out, F9 (Flyball, 9LM)
Batting: RHB Danny Penn 0-0: Called Strike
0-1: Ball
1-1: Fly out, F8 (Flyball, 8LM)
Bottom of the 5th over - 0 run(s), 0 hit(s), 0 error(s), 0 left on base; Gryfindor 5 - Augusta 1
TOP OF THE 6TH
Gryfindor Braves batting - Pitching for Augusta Timber Hawks : RHP Paul Moore
Batting: RHB Jim Unknown 0-0: Ball
1-0: Ball
2-0: Called Strike
2-1: Swinging Strike
2-2: Strikes out swinging, 2-3 out at first.
Batting: LHB Nathan Tanner 0-0: Called Strike
0-1: Ball
1-1: Ground out 6-3 (Groundball, 6)
Batting: RHB Matt Nelson 0-0: Called Strike
0-1: Ball
1-1: Ground out 1-3 (Groundball, 15)
Top of the 6th over - 0 run(s), 0 hit(s), 0 error(s), 0 left on base; Gryfindor 5 - Augusta 1
BOTTOM OF THE 6TH
Augusta Timber Hawks batting - Pitching for Gryfindor Braves : RHP Bartolo Ramírez
Batting: LHB Eugene Lawrence 0-0: Ball
1-0: Swinging Strike
1-1: Foul Ball, location: 2F
1-2: Ball
2-2: Ball
3-2: Foul Ball, location: 2F
3-2: Foul Ball, location: 2F
3-2: Ground out U3 (Groundball, 3S)
Batting: RHB Hiwahikeiki Noelani 0-0: Ground out 4-3 (Groundball, 4)
Batting: LHB Alberto Torres 0-0: Ball
1-0: Called Strike
1-1: Ball
2-1: Ball
3-1: Foul Ball, location: 2F
3-2: Foul Ball, location: 2F
3-2: Base on Balls
Batting: RHB Tracy Parker 0-0: Ball
1-0: Fly out, F9 (Flyball, 9S)
Bottom of the 6th over - 0 run(s), 0 hit(s), 0 error(s), 1 left on base; Gryfindor 5 - Augusta 1
TOP OF THE 7TH
Gryfindor Braves batting - Pitching for Augusta Timber Hawks : RHP Paul Moore
Batting: RHB António Martínez 0-0: Called Strike
0-1: Ball
1-1: Foul Ball, location: 2F
1-2: Ground out 5-3 (Groundball, 56)
Batting: RHB Jim Unknown 0-0: Ground out 5-3 (Groundball, 5S)
Batting: RHB Turner Coleman 0-0: Called Strike
0-1: Fly out, F8 (Flyball, 8LXD)
Top of the 7th over - 0 run(s), 0 hit(s), 0 error(s), 0 left on base; Gryfindor 5 - Augusta 1
BOTTOM OF THE 7TH
Augusta Timber Hawks batting - Pitching for Gryfindor Braves : RHP Bartolo Ramírez
Batting: LHB Emílio Barbán 0-0: Foul Ball, location: 2F
0-1: Ball
1-1: Ball
2-1: Reached on error, E4 (Groundball, 4)
Batting: RHB Thomas Vaughan 0-0: Foul Ball, location: 2F
0-1: Swinging Strike
0-2: Ball
1-2: Ball
2-2: Foul Ball, location: 2F
2-2: Strikes out swinging
Batting: SHB Jason Alexander 0-0: Foul Ball, location: 2F
0-1: Ball
1-1: Called Strike
1-2: Ball
2-2: Foul Ball, location: 2F
2-2: Foul Ball, location: 2F
2-2: Foul Ball, location: 2F
2-2: Ball
3-2: Strikes out looking
Batting: RHB Claudio Mendoza 0-0: Called Strike
0-1: Ball
1-1: Swinging Strike
1-2: Ball
2-2: Strikes out swinging
Bottom of the 7th over - 0 run(s), 0 hit(s), 1 error(s), 1 left on base; Gryfindor 5 - Augusta 1
TOP OF THE 8TH
Gryfindor Braves batting - Pitching for Augusta Timber Hawks : RHP Paul Moore
Batting: LHB Jim Unknown 0-0: Called Strike
0-1: Fly out, F7 (Flyball, 7M)
Batting: RHB Jim Unknown 0-0: Fly out, F8 (Line Drive, 78M)
Batting: RHB Jim Unknown 0-0: Ball
1-0: Called Strike
1-1: Ball
2-1: Foul Ball, location: 2F
2-2: Foul Ball, location: 2F
2-2: Ball
3-2: Ground out 6-3 (Groundball, 6)
Top of the 8th over - 0 run(s), 0 hit(s), 0 error(s), 0 left on base; Gryfindor 5 - Augusta 1
BOTTOM OF THE 8TH
Augusta Timber Hawks batting - Pitching for Gryfindor Braves : RHP Bartolo Ramírez
Batting: RHB Danny Penn 0-0: Ball
1-0: Foul Ball, location: 2F
1-1: Ball
2-1: Fly out, F8 (Popup, 8RS)
Batting: LHB Eugene Lawrence 0-0: Swinging Strike
0-1: Ball
1-1: Ball
2-1: Ball
3-1: Base on Balls
Pitching: RHP Jim Unknown
Batting: RHB Hiwahikeiki Noelani 0-0: Called Strike
0-1: Ball
1-1: Ball
2-1: Foul Ball, location: 2F
2-2: Strikes out looking
Batting: LHB Alberto Torres 0-0: Foul Ball, location: 2F
0-1: Ball
1-1: Ball
2-1: Foul Ball, location: 2F
2-2: Ball
3-2: Fly out, F7 (Flyball, 78M)
Bottom of the 8th over - 0 run(s), 0 hit(s), 0 error(s), 1 left on base; Gryfindor 5 - Augusta 1
TOP OF THE 9TH
Gryfindor Braves batting - Pitching for Augusta Timber Hawks : RHP Paul Moore
Batting: RHB Jim Unknown 0-0: Ball
1-0: Foul Ball, location: 2F
1-1: Called Strike
1-2: Strikes out swinging
Pitching: RHP Rafael Clemente
Batting: LHB Nathan Tanner 0-0: Ball
1-0: Foul Ball, location: 2F
1-1: Foul Ball, location: 2F
1-2: Foul Ball, location: 2F
1-2: Strikes out swinging
Batting: RHB Matt Nelson 0-0: Ground out 6-3 (Groundball, 6M)
Top of the 9th over - 0 run(s), 0 hit(s), 0 error(s), 0 left on base; Gryfindor 5 - Augusta 1
BOTTOM OF THE 9TH
Augusta Timber Hawks batting - Pitching for Gryfindor Braves : RHP Jim Unknown
Batting: RHB Tracy Parker 0-0: Called Strike
0-1: Fly out, F7 (Flyball, 7M)
Batting: LHB Emílio Barbán 0-0: Ball
1-0: Swinging Strike
1-1: Ball
2-1: Fly out, F6 (Popup, 7LSF)
Batting: RHB Thomas Vaughan 0-0: Ball
1-0: Ball
2-0: Ball
3-0: Base on Balls
Batting: SHB Jason Alexander 0-0: Called Strike
0-1: Ball
1-1: SINGLE (Groundball, 4M)
Thomas Vaughan to second
Pitching: LHP Lúcio Benítez
Batting: RHB Claudio Mendoza 0-0: Ball
1-0: Called Strike
1-1: Swinging Strike
1-2: Strikes out swinging
Bottom of the 9th over - 0 run(s), 1 hit(s), 0 error(s), 2 left on base; Gryfindor 5 - Augusta 1
This league is powered by Out of the Park Baseball, the baseball management simulation game for PC, Mac and Linux
Friday, January 22nd, 2016 - OOTP Baseball 16.9 Build 39